[Event "Late-Titled-Tuesday-Blitz-February-27-2024"]
[Site "Chess.com"]
[Date "2024.02.27"]
[Round "1"]
[White "cthulhuuu"]
[Black "IlanSchnaider"]
[Result "1-0"]
[WhiteElo "2437"]
[BlackElo "2715"]
[TimeControl "180+1"]
[EndTime "14:08:30 PST"]
[Termination "cthulhuuu won by checkmate"]

1. e4 c5 2. Nf3 d6 3. g3 Nf6 4. d3 g6 5. Bg2 Bg7 6. O-O O-O 7.
Re1 Nc6 8. e5 dxe5 9. Nxe5 Nxe5 10. Rxe5 Qb6 11. Rxe7 Qd6 12. Re1 Bg4 13. Bf3 Bxf3 14.
Qxf3 Rfe8 15. Bd2 Nd5 16. Nc3 Nb4 17. Ne4 Qb6 18. Bxb4 Qxb4 19. Rab1 f5 20. Nc3 Rxe1+ 21. Rxe1 Qxb2 22. Nd5 Kh8 23. Nc7 Rc8 24. Qd5 Qb6 25. Qd7 Rg8 26. Re8 Qc6 27. Rxg8+ Kxg8 28. Qxc6 bxc6 29.
Ne6 Bd4 30. Nd8 Kf8 31. Nxc6 Bc3 32. Nxa7 Ke7 33. Nb5 Bb2 34. a4 Kd7 35. c3 Kc6 36. d4 c4 37. Kg2 Kb6 38. d5 Kc5 39. d6 Bc1 40. f4 Kc6 41. Kf3 Bb2 42. g4 Bc1 43.
gxf5 gxf5 44. Kg3 Bd2 45. Kf3 h5 46. Kg3 Be1+ 47. Kh3 Bd2 48. Kh4 Bxf4 49. h3 Be5 50. Kxh5 f4 51. Kg4 Kd7 52. Kf3 Kc6 53. h4 Kd7 54. h5 Kc6 55. h6 Kd7 56. h7 Kc6 57.
Ke4 Bf6 58. Kxf4 Kb6 59. Kf5 Bg7 60. Ke6 Kc5 61. d7 Bf6 62. Kxf6 Kb6 63. d8=Q+ Ka6 64. Qd6+ Kb7 65. Qc7+ Ka6 66. Qa7# 1-0

[Event "Late-Titled-Tuesday-Blitz-February-27-2024"]
[Site "Chess.com"]
[Date "2024.02.27"]
[Round "1"]
[White "Vasily85"]
[Black "YQPerez"]
[Result "1-0"]
[WhiteElo "2487"]
[BlackElo "2835"]
[TimeControl "180+1"]
[EndTime "14:08:31 PST"]
[Termination "Vasily85 won by resignation"]

1. e4 d5 2. exd5 Nf6 3. Bb5+ Bd7 4. Bc4 Bg4 5. Nf3 Nxd5 6. h3 Bh5 7. O-O e6 8. d4 Be7 9. Re1 O-O 10. Be2 Nc6 11. c3 Re8 12. Nbd2 Nf4 13. Bf1 e5 14. dxe5 Nd3 15. Bxd3 Qxd3 16. Qe2 Qxe2 17. Rxe2 Bf8 18. g4 Bg6 19. Nb3 f6 20. Bf4 Bf7 21. Rae1 Bd5 22. Nbd4 Nxe5 23. Nxe5 fxe5 24. Bxe5 c6 25. b3 a5 26. Bc7 Rxe2 27. Rxe2 a4 28. Kh2 a3 29. c4 Bf7 30. Nf5 Bg6 31. Ne7+ Bxe7 32. Rxe7 Bb1 33. Re2 Kf7 34. Bd6 b6 35. Re7+ Kf6 36. Re2 c5 37. f4 h6 38. Kg3 Kf7 39. h4 Ra7 40. b4 cxb4 41. Bxb4 Ra4 42. Bd6 Rxc4 43. Re7+ Kf6 44. Re3 Bxa2 45. Rxa3 Bb1 46. Rb3 Rc6 47. Be5+ Kf7 48.
Rxb1 g6 49. Rd1 Ke6 50. Rd8 b5 51. Rb8 Rc5 52. Rb6+ Kd5 53. Rxg6 b4 54. Rb6 Kc4 55. g5 hxg5 56. hxg5 b3 57. g6 Rc8 58. g7 Kc5 59.
Rb7 Kc4 60. Kg4 Kd3 61. Rxb3+ Ke4 62. Rb8 Rd8 63. g8=Q Rd3 64. Qc4+ Ke3 65. Rb3 Kf2 66. Rxd3 1-0

[Event "Late-Titled-Tuesday-Blitz-February-27-2024"]
[Site "Chess.com"]
[Date "2024.02.27"]
[Round "1"]
[White "maximnovik"]
[Black "ritanovikova"]
[Result "1-0"]
[WhiteElo "2595"]
[BlackElo "2239"]
[TimeControl "180+1"]
[EndTime "14:08:31 PST"]
[Termination "maximnovik won by resignation"]

1. e4 d5 2. exd5 Qxd5 3. Nc3 Qd6 4. d4 Nf6 5. g3 c6 6. Bg2 Bg4 7. Nge2 e6 8. O-O Qc7 9. h3 Bh5 10. Bg5 Nbd7 11. Qd2 h6 12. Bf4 Bd6 13. Bxd6 Qxd6 14. Nf4 e5 15. Nxh5 Nxh5 16. Ne4 Qxd4 17. Qe2 Nhf6 18.
Rfd1 Qb6 19. Nd6+ Kf8 20. b4 Kg8 21. c4 Rf8 22. Rab1 Qc7 23. c5 a6 24. h4 Ne8 25.
Nf5 g6 26. Ne3 h5 27. Qb2 f6 28. Bh3 f5 29. Nc4 Kh7 30. Rd2 Rf7 31. Rbd1 e4 32.
Bf1 Re7 33. Nd6 Rg7 34. Bc4 Nxd6 35. Rxd6 Nf8 36. Qf6 Qe7 37. Qd4 g5 38. hxg5 Qxg5 39. Qd2 Qxd2 40. R1xd2 h4 41. Kg2 hxg3 42. fxg3 f4 43. g4 Rxg4+ 44. Kf2 e3+ 45. Kf3 exd2 46. Kxg4 Kg7 47. Rxd2 Rh6 48. Rd8 Rg6+ 49. Kf3 Rh6 50.
Rb8 Rh2 51. Rxb7+ Kf6 52. Rf7+ Ke5 53. Rxf8 Rc2 54. Re8+ Kd4 55. Bg8 Rc3+ 56. Kxf4 Ra3 57. Re4+ Kc3 58. Re3+ Kxb4 59. Rxa3 Kxa3 60. Ke5 Kb4 61.
Kd6 Kb5 62. Be6 a5 63. Bd7 1-0

[Event "Late-Titled-Tuesday-Blitz-February-27-2024"]
[Site "Chess.com"]
[Date "2024.02.27"]
[Round "1"]
[White "Kirill_Klukin"]
[Black "ArturoCaceres"]
[Result "1-0"]
[WhiteElo "2852"]
[BlackElo "2471"]
[TimeControl "180+1"]
[EndTime "14:08:35 PST"]
[Termination "Kirill_Klukin won on time"]

1. e4 b6 2. d4 Bb7 3. Nc3 e6 4.
Bd3 Nf6 5. Nge2 c5 6. Bg5 Be7 7. Qd2 d5 8. dxc5 bxc5 9. exd5 Nxd5 10. Bb5+ Bc6 11. Bxe7 Nxe7 12. Qg5 Nf5 13. Qxd8+ Kxd8 14. O-O-O+ Ke7 15. a3 Bxg2 16. Rhg1 Bc6 17. Bxc6 Nxc6 18. Ne4 Ncd4 19. Nxd4 cxd4 20. Ng3 Nh4 21. Ne2 e5 22. f4 f6 23. fxe5 fxe5 24. Rxg7+ Kf6 25. Rg4 Ng6 26. h4 Rhg8 27. Rf1+ Ke6 28. Rfg1 Ne7 29.
Kd2 Rxg4 30. Rxg4 Rg8 31. Rxg8 Nxg8 32. c3 dxc3+ 33. Nxc3 Nf6 34. Ke3 a6 35. b4 Ng4+ 36. Kf3 Nf6 37. a4 Nd7 38. Ne4 Kd5 39. b5 a5 40. Ke3 Nb6 41. Nf6+ Ke6 42. Nxh7 Nxa4 43. Ng5+ Kf5 44. Ne4 Nb6 45. Kd3 Kg4 46.
Nd2 Kf4 47. h5 Kg5 48. Nc4 Nd7 49. Ke4 Kxh5 50. Nxe5 Nb6 51. Kd4 a4 52. Nc4 Nc8 53.
Kc5 Kg6 54. Kb4 Kf7 55. Kxa4 Ke7 56. Kb4 Kd7 57. Kc5 Kc7 58. Ne5 Nb6 59. Nc6 Nd7+ 60.
Kb4 Kb6 61. Nd4 Nc5 62. Kc4 Na6 63. Ne6 1-0

[Event "Late-Titled-Tuesday-Blitz-February-27-2024"]
[Site "Chess.com"]
[Date "2024.02.27"]
[Round "1"]
[White "carloseduar100"]
[Black "Korchmar_Vasiliy"]
[Result "0-1"]
[WhiteElo "2394"]
[BlackElo "2694"]
[TimeControl "180+1"]
[EndTime "14:08:37 PST"]
[Termination "Korchmar_Vasiliy won by resignation"]

1. e4 c5 2. Nf3 a6 3. g3 b5 4.
Bg2 Bb7 5. O-O Bxe4 6. d4 d5 7. dxc5 e6 8. b4 Nc6 9. c3 Nf6 10. Bb2 Be7 11. a3 O-O 12. Nbd2 Bd3 13. Re1 Ne4 14.
Nd4 Ne5 15. Nxe4 dxe4 16. Bxe4 Bxe4 17. Rxe4 Nc4 18. Bc1 Bf6 19. Bf4 Qd5 20. Qe2 a5 21. Rd1 axb4 22. axb4 Ra2 23. Qxa2 Qxe4 24. Nxb5 g5 25. Bd6 Ra8 26. Qb1 Qf3 27. Qd3 Qg4 28. c6 Nb2 29. Qf1 Nxd1 30. c7 Nxc3 31. Na7 Qf3 32.
h3 Bd4 33. c8=Q+ Rxc8 34. Nxc8 Ne2+ 35. Kh2 Bxf2 36. Qg2 Qe3 37. b5 Nd4 38. Qa8 Kg7 39.
Ne7 Nf3+ 40. Kg2 Ne1+ 41. Kf1 Qd3+ 42. Kxf2 Qxd6 43. Qg8+ Kf6 44. Kxe1 Qb4+ 45. Kd1 Qd4+ 46. Kc2 Qc5+ 47. Kd2 Qb4+ 48. Ke2 Qxb5+ 49. Kf3 Kxe7 50. Qxh7 Qd5+ 51. Kf2 Qd2+ 52. Kf3 Qd1+ 53. Kf2 Qd5 54.
Qc2 Qf5+ 55. Qxf5 exf5 56. Ke3 Ke6 57. Kd4 Kd6 58. h4 f6 59. h5 Ke6 60. Kc5 Kf7 61. Kd5 Kg7 62. Ke6 f4 63. gxf4 gxf4 64. Kf5 f3 65. Kg4 f2 66. h6+ Kxh6 67. Kf5 f1=Q+ 68. Ke6 Qe2+ 0-1

[Event "Late-Titled-Tuesday-Blitz-February-27-2024"]
[Site "Chess.com"]
[Date "2024.02.27"]
[Round "1"]
[White "tteshan"]
[Black "Fjal"]
[Result "0-1"]
[WhiteElo "2588"]
[BlackElo "2282"]
[TimeControl "180+1"]
[EndTime "14:08:41 PST"]
[Termination "Fjal won by resignation"]

1. e4 d6 2. d4 g6 3. Nc3 c6 4. Be3 b5 5. Qd2 Bg7 6. h4 h5 7.
Nf3 Qa5 8. Bd3 Nd7 9. Ne2 Qxd2+ 10. Kxd2 Ngf6 11. c3 Ng4 12. Rae1 a5 13. Rhf1 Bb7 14. Kc2 Nxe3+ 15. fxe3 e5 16. Nc1 O-O 17. Ng5 Rae8 18. d5 f6 19. Ne6 Rxe6 20. dxe6 Nc5 21. Rd1 Nxe6 22. b4 axb4 23. cxb4 Ra8 24. Kb2 Kf7 25. Bc2 Ke7 26. Bb3 Bh6 27. Rf3 Bc8 28. Rdf1 Bg7 29.
Rg3 Nf8 30. Bc2 Be6 31. Nb3 Bf7 32. Na5 Ra6 33. Rc1 Nd7 34. Bd3 Nb8 35. Be2 Bh6 36.
a3 Be8 37. Bd3 Rb6 38. Rf3 Bg7 39. Rff1 Bd7 40. Rcd1 Be6 41. Bc2 Nd7 42. Bb3 c5 43. Bxe6 Kxe6 44. Rd5 c4 45. Kc3 Bf8 46. Rf3 Be7 47.
Rd1 f5 48. exf5+ gxf5 49. g3 e4 50. Rf2 Bf6+ 51. Kc2 Ne5 52. Rdf1 Nf3 53. Rb1 Be5 54. Rg2 Kd7 55. Rd1 Kc7 56. Kb1 Rb8 57. Rd5 Rb6 58. Kc1 Rb8 59. Kd1 Rb6 60. Kc1 Rb8 61. a4 bxa4 62.
Nxc4 Rxb4 63. Nxe5 Nxe5 64. Ra5 Nd3+ 65. Kd1 Kb6 66. Ra8 Rb1+ 67. Kc2 Rb2+ 68. Kc3 Rxg2 69. Rxa4 Kc5 70. Ra5+ Kc6 71. Rxf5 d5 72. Rxh5 Rxg3 73.
Kd4 Rg6 74. Rh6 Rxh6 75. h5 Rxh5 0-1

[Event "Late-Titled-Tuesday-Blitz-February-27-2024"]
[Site "Chess.com"]
[Date "2024.02.27"]
[Round "1"]
[White "Kiborg95"]
[Black "zsizsi99"]
[Result "1-0"]
[WhiteElo "2818"]
[BlackElo "2455"]
[TimeControl "180+1"]
[EndTime "14:08:42 PST"]
[Termination "Kiborg95 won on time"]

1. e4 c5 2. Nc3 Nc6 3. Nge2 e6 4. g3 c4 5. Bg2 Nf6 6. O-O Bc5 7. d4 cxd3 8. cxd3 d5 9. exd5 Nxd5 10. Nxd5 exd5 11.
Nf4 Ne7 12. Qa4+ Bd7 13. Qc2 Rc8 14. Nxd5 O-O 15. Bg5 f6 16. Nxe7+ Qxe7 17. Bf4 g5 18. Qb3+ Be6 19. Bd5 Bxd5 20. Qxd5+ Kg7 21. Rae1 Qd8 22.
Qxd8 Rfxd8 23. Be3 Bxe3 24. Rxe3 Rd7 25. Rfe1 Kf7 26. R1e2 Rc1+ 27. Kg2 Rd1 28. Rc2 b6 29. Rc6 Kg6 30. Rf3 Rf7 31. Rc2 Rd7 32. Rc6 Rf7 33.
a4 Rd2 34. b3 Rb2 35. d4 Rd2 36. Rd6 Kg7 37. g4 h6 38. h3 Kg6 39. Rf5 Rd3 40. Rf3 Rxf3 41. Kxf3 Rc7 42. Ke4 Rc3 43. Rd7 Rxb3 44. Rxa7 Rxh3 45. Rb7 Ra3 46. Rxb6 Rxa4 47. f3 Kf7 48. Rb7+ Ke6 49. Rh7 Ra1 50. Rxh6 Re1+ 51.
Kd3 Rf1 52. Ke3 Re1+ 53. Kd3 Rd1+ 54. Ke3 Re1+ 55. Kd2 Rf1 56. Ke2 Ra1 57. Rh8 Ra2+ 58. Ke3 Ra1 59. Re8+ Kd7 60. Re4 Re1+ 61. Kf2 Rd1 62.
Ke2 Ra1 63. Kd3 Rd1+ 64. Kc3 Kd6 65. Kc4 Rf1 66. Re3 Rc1+ 67. Kd3 Rd1+ 68. Ke4 Rf1 69.
Ra3 Re1+ 70. Kf5 Kd5 71. Kxf6 Kxd4 72. Kxg5 Ke5 73. f4+ Ke6 74. Kg6 Rg1 75. g5 Ke7 76. f5 1-0

[Event "Late-Titled-Tuesday-Blitz-February-27-2024"]
[Site "Chess.com"]
[Date "2024.02.27"]
[Round "1"]
[White "LUISMIGUELOV"]
[Black "subham777"]
[Result "1-0"]
[WhiteElo "2188"]
[BlackElo "2549"]
[TimeControl "180+1"]
[EndTime "14:08:54 PST"]
[Termination "LUISMIGUELOV won by resignation"]

1. e4 e6 2. Nf3 d5 3. Nc3 Nf6 4. exd5 exd5 5. d4 Bd6 6. Bd3 O-O 7. O-O h6 8. Ne2 Re8 9. Bf4 Bg4 10. Bxd6 Bxf3 11. Bg3 Bh5 12. Qd2 Bxe2 13. Bxe2 Ne4 14. Qd3 Nc6 15. Bf3 Qf6 16. c3 Nxg3 17. fxg3 Qd6 18. Rae1 a6 19. Qf5 Red8 20. Re2 Ne7 21. Qc2 c6 22. Bh5 Ng6 23. Bxg6 fxg6 24. Rfe1 g5 25.
Re6 Qf8 26. Qg6 Kh8 27. Rf1 Qg8 28. Rf7 Qh7 29. Qxh7+ Kxh7 30. Ree7 Rg8 31. Rxb7 Rae8 32. h3 Re2 33. a4 Rc2 34. a5 Kg6 35. Kh2 Kh7 36. g4 Kg6 37. Rbc7 Kh7 38. Rb7 Kg6 39. Rfc7 Kh7 40. Kg3 Re8 41. Rxg7+ Kh8 42. Rge7 Rxe7 43.
Rxe7 Rxb2 44. Re6 Rb5 45. Rxh6+ Kg7 46. Rxc6 Rxa5 47. Kf3 Ra3 48. g3 a5 49. h4 gxh4 50.
gxh4 a4 51. Kf4 Ra1 52. Ra6 Ra3 53. h5 Rxc3 54. Rxa4 Rd3 55. g5 Kf7 56. Kf5 Rf3+ 57. Ke5 Rg3 58. g6+ Kg7 59. Ra7+ Kg8 60. Kxd5 Rg5+ 61.
Ke6 Rxh5 62. d5 Rh1 63. d6 Re1+ 64. Kd7 Kg7 65. Ra3 Kxg6 66. Rf3 Re2 67. Kd8 Rd2 68. d7 Kg5 69. Rf8 Kg6 70. Kc7 Rc2+ 71. Kb6 Rb2+ 72. Kc5 Rc2+ 73. Kb4 Rd2 74. d8=Q Rxd8 75. Rxd8 Kf7 76. Kc5 Ke6 77. Rd5 Ke7 78. Rd6 Kf7 79.
Kd5 Ke7 80. Ke5 Kf7 81. Rd7+ Ke8 1-0

[Event "Late-Titled-Tuesday-Blitz-February-27-2024"]
[Site "Chess.com"]
[Date "2024.02.27"]
[Round "1"]
[White "Supelyel"]
[Black "Fandorine"]
[Result "0-1"]
[WhiteElo "2473"]
[BlackElo "2883"]
[TimeControl "180+1"]
[EndTime "14:08:56 PST"]
[Termination "Fandorine won on time"]

1. c4 e6 2. Nc3 d5 3. cxd5 exd5 4.
d4 c6 5. Nf3 Bf5 6. Bf4 Nd7 7. e3 Ngf6 8. h3 h6 9. Bd3 Bxd3 10.
Qxd3 Be7 11. O-O Nf8 12. Rab1 a5 13. a3 Ne6 14. Bh2 O-O 15. b4 axb4 16. axb4 b5 17.
Ne5 Qb6 18. Qc2 Rfc8 19. Nd3 Bf8 20. Ra1 Qb7 21. Qb2 Rxa1 22. Rxa1 Ra8 23. Ra3 Ne4 24. Qa1 Rxa3 25. Qxa3 Nxc3 26. Qxc3 Qa6 27. Bg3 f6 28. h4 h5 29. Qc2 Kf7 30. Kh2 g6 31.
Qc3 Be7 32. Qb3 Qa1 33. f3 Qf1 34. Qc2 Nd8 35. Bf4 Ke6 36. Bc7 Kd7 37. Bxd8 Bxd8 38. Nf4 Qc4 39. Qxg6 Qxb4 40. Qf5+ Kd6 41. Qe6+ Kc7 42.
Qf7+ Qe7 43. Ne6+ Kd7 44. Nc5+ Kc7 45. Qxh5 Kb6 46. Qh6 b4 47. e4 dxe4 48. fxe4 Bc7+ 49. g3 Qd6 50. Qe3 Ka7 51. Kg2 Bb6 52. Nb3 Qe6 53. Kf3 Qc4 54. h5 Qf1+ 55. Kg4 Qd1+ 56. Kf5 Qxh5+ 57. Ke6 Qe8+ 58. Kxf6 Qf8+ 59. Kg6 Qg8+ 60.
Kh5 Qf7+ 61. Kg4 Qe6+ 62. Kf3 Qc4 63. e5 Qd5+ 64. Kg4 Qe6+ 65. Kf3 Qf5+ 66. Qf4 Qd3+ 67. Qe3 Qd1+ 68. Ke4 Qh1+ 69. Kf5 Qh5+ 70. Ke4 Qg6+ 71. Kf3 Qf5+ 72. Qf4 Qh5+ 73. g4 Qh3+ 74. Qg3 Qf1+ 75.
Ke4 Qb1+ 76. Qd3 Qh1+ 77. Kf4 Qh2+ 78. Kf5 Qh7+ 79. Ke6 Qxd3 0-1

[Event "Late-Titled-Tuesday-Blitz-February-27-2024"]
[Site "Chess.com"]
[Date "2024.02.27"]
[Round "1"]
[White "Alphafischer2019"]
[Black "Akhayan"]
[Result "1/2-1/2"]
[WhiteElo "2696"]
[BlackElo "2409"]
[TimeControl "180+1"]
[EndTime "14:08:59 PST"]
[Termination "Game drawn - insufficient material"]

1. e4 c5 2. Nf3 e6 3. d3 Nf6 4. g3 Nc6 5. Bg2 d5 6. Qe2 dxe4 7. dxe4 Be7 8. O-O O-O 9. e5 Nd5 10. Nbd2 Ndb4 11. Ne4 b6 12. Rd1 Qc7 13. a3 Ba6 14. c4 Nd5 15. Qc2 Nxe5 16. cxd5 exd5 17. Nxe5 dxe4 18.
Qxe4 Rae8 19. Qf5 Bc8 20. Nd7 Rd8 21. Bf4 Rxd7 22. Qe4 Bd6 23. Rxd6 Rxd6 24. Qe5 Rfd8 25.
Re1 Be6 26. Bh3 Qd7 27. Qxd6 Qxd6 28. Bxd6 Rxd6 29. Bf1 g6 30. Rc1 Kg7 31. b4 cxb4 32. axb4 Rd7 33. b5 h5 34. h4 Bf5 35. Kg2 Re7 36. Ra1 Be4+ 37. f3 Bd5 38. Kf2 Rc7 39. Bd3 Be6 40. Ke3 Kf6 41. Ra4 Re7 42. Kf2 Bd5 43.
g4 hxg4 44. fxg4 Kg7 45. h5 gxh5 46. gxh5 Kh6 47. Be2 Be6 48. Rf4 Rc7 49. Rf6+ Kg7 50. Rf3 Rc8 51. Kg3 Rh8 52. Kh4 Kf8 53. Kg5 Ke7 54. h6 Bd5 55. Re3+ Kd6 56. Bd3 Kc5 57. h7 Kd4 58. Rh3 Be6 59. Bf5 Bxf5 60. Kxf5 Kc5 61.
Kf6 Kxb5 62. Kg7 Rxh7+ 63. Kxh7 a5 64. Kg7 Kb4 65. Kxf7 a4 66. Ke6 a3 67. Rh2 Kb3 68. Kd5 a2 69. Rh3+ Kb2 70. Rh2+ Kb1 71. Rh1+ Kb2 72. Kc4 a1=Q 73. Rxa1 Kxa1 74. Kb4 Kb2 75. Kb5 Kc3 76. Kxb6 1/2-1/2

[Event "Late-Titled-Tuesday-Blitz-February-27-2024"]
[Site "Chess.com"]
[Date "2024.02.27"]
[Round "1"]
[White "VitorBronson"]
[Black "platy3"]
[Result "0-1"]
[WhiteElo "2499"]
[BlackElo "2932"]
[TimeControl "180+1"]
[EndTime "14:09:03 PST"]
[Termination "platy3 won by checkmate"]

1. d4 Nf6 2. c4 e6 3. Nf3 d5 4. Nc3 dxc4 5. e4 b5 6. e5 Nd5 7. Nxb5 Nb6 8. Be2 Nc6 9. O-O Be7 10. Be3 O-O 11. Qc1 Rb8 12. Nc3 Nb4 13. a3 Nd3 14. Bxd3 cxd3 15. Rd1 Ba6 16. Ne1 d2 17. Rxd2 Nc4 18.
Rc2 Na5 19. Qd1 Bc4 20. b4 Nc6 21. Rb1 Qd7 22. Ne4 Bd5 23. Nc5 Qc8 24. Rbc1 Rd8 25. Rc3 a5 26. bxa5 Nxa5 27. Ned3 Rb6 28. Nb4 Ba8 29.
Qa4 Nc6 30. Nca6 Nxb4 31. Nxb4 Bxb4 32. Rxc7 Qb8 33. axb4 Rxb4 34. Qa5 Rb1 35. h3 Bd5 36. Rxb1 Qxb1+ 37. Rc1 Qb8 38. Qc7 Qa8 39. Bg5 Re8 40.
f3 h6 41. Be7 Qa6 42. Qd7 Ra8 43. Bh4 Qd3 44. Bf2 Qd2 45. Rc8+ Rxc8 46. Qxc8+ Kh7 47.
Qb8 Qc1+ 48. Kh2 Qf4+ 49. Kg1 Qc1+ 50. Kh2 Qc2 51. Kg1 Qd1+ 52. Kh2 Qd2 53. Kg1 Kg6 54.
Qb1+ f5 55. Qe1 Qc2 56. Qe3 Kh7 57. Qe1 Kg6 58. h4 Kh5 59. Qe3 g5 60. hxg5 hxg5 61. Be1 f4 62. Qf2 Qd1 63. Kh2 Kg6 64. g3 Bxf3 65.
gxf4 gxf4 66. Qh4 Qe2+ 67. Qf2 Qe4 68. Qg1+ Kf7 69. Qf2 Qh7+ 70. Qh4 Qc2+ 71. Qf2 Qe4 72. Qh4 Ke8 73. Qf2 Kd7 74. Qh4 Kc6 75. Qf2 Kd5 76.
Kg1 Qg6+ 77. Kh2 Qh5+ 78. Qh4 Qg6 79. Qf2 Be4 80. Qg1 Qh5+ 81. Bh4 Qxh4# 0-1

[Event "Late-Titled-Tuesday-Blitz-February-27-2024"]
[Site "Chess.com"]
[Date "2024.02.27"]
[Round "1"]
[White "KamilGrycel"]
[Black "Zhigalko_Sergei"]
[Result "0-1"]
[WhiteElo "2480"]
[BlackElo "2893"]
[TimeControl "180+1"]
[EndTime "14:09:09 PST"]
[Termination "Zhigalko_Sergei won by resignation"]

1. d4 Nf6 2. Nf3 e6 3. Bf4 b6 4. e3 Bb7 5. h3 Bd6 6. Bxd6 cxd6 7. c4 O-O 8. Nc3 Qe7 9. Be2 d5 10. O-O dxc4 11. Bxc4 Rc8 12. Be2 d6 13. Rc1 Nbd7 14. Qb3 a6 15. a4 e5 16. Rfd1 g6 17. Qa3 Kf8 18. Qb3 Rc7 19. a5 b5 20. Na2 Rac8 21.
Rxc7 Rxc7 22. Nb4 Kg7 23. Qa3 Kf8 24. Qb3 Nb8 25. Qa3 h6 26. Qb3 Nc6 27. Nxc6 Bxc6 28. dxe5 dxe5 29. Rc1 Bxf3 30. Rxc7 Qxc7 31. Qb4+ Qe7 32.
Qxe7+ Kxe7 33. Bxf3 e4 34. Bd1 Kd6 35. Bb3 Nd5 36.
Kf1 f5 37. Ke2 Kc5 38. Kd2 Ne7 39. Bf7 Kb4 40. f3 exf3 41. gxf3 Kxa5 42. Kc3 Kb6 43. Kd4 a5 44. Ke5 Kc7 45. Kf6 Kd8 46.
e4 fxe4 47. fxe4 a4 48. Ke6 b4 49. Kd6 a3 50. bxa3 bxa3 51. Kc5 g5 52. Kb4 Nc6+ 53.
Kxa3 Ke7 54. Bh5 Kd6 55. Ka4 Nd4 56. Kb4 Ke5 57. Bg6 Ne6 58. Kc3 Nc5 59. Kd2 Kf4 60. Ke2 Nxe4 61. Kf1 Nf6 62. Kg2 Nd5 63. Be8 Ke5 64. Bd7 Kf4 65. Bc8 Ne3+ 66. Kh2 Nf5 67. Bd7 Nh4 68. Bc8 Nf3+ 69. Kh1 Kg3 70. Bd7 Ne1 71. Bc8 Nd3 72. Bd7 Nf4 73. Bc8 Nxh3 74.
Bb7 Nf4 75. Ba8 h5 76. Bb7 h4 77. Ba8 h3 78. Bb7 g4 79. Ba8 Kf2 80. Bc6 g3 81. Bb7 g2+ 0-1

[Event "Late-Titled-Tuesday-Blitz-February-27-2024"]
[Site "Chess.com"]
[Date "2024.02.27"]
[Round "1"]
[White "aa175"]
[Black "Carlitus2004"]
[Result "1-0"]
[WhiteElo "2684"]
[BlackElo "2386"]
[TimeControl "180+1"]
[EndTime "14:09:10 PST"]
[Termination "aa175 won on time"]

1. d4 d5 2. Bf4 Nf6 3. e3 Bf5 4. c4 c6 5. Nc3 e6 6. Qb3 Qb6 7.
c5 Qxb3 8. axb3 Nbd7 9. b4 Nh5 10.
Bd6 Bxd6 11. cxd6 O-O 12. f3 Nhf6 13. g4 Bg6 14. g5 Ne8 15. e4 dxe4 16. fxe4 Nxd6 17. Bg2 e5 18. O-O-O Rfd8 19. h4 Bh5 20. Bf3 Bxf3 21. Nxf3 exd4 22. Rxd4 Nb5 23. Nxb5 cxb5 24. Rhd1 Rdc8+ 25. Kb1 Nb6 26. b3 Kf8 27. Ne5 Rc7 28. h5 Re8 29. Rd8 Re7 30. Rxe8+ Rxe8 31. h6 gxh6 32.
gxh6 Rxe5 33. Rd8+ Re8 34. Rd4 Ke7 35. e5 Rg8 36. Ka2 Rg6 37. Ka3 Rxh6 38. Rd2 Re6 39. Rh2 Rxe5 40. Rxh7 Ke6 41. Rh8 f5 42. Rb8 f4 43.
Rxb7 f3 44. Rb8 f2 45. Re8+ Kd5 46. Rf8 a5 47. bxa5 Na8 48. Rxf2 Nc7 49. Rf7 Na6 50. Ra7 Re6 51. Rb7 Kc5 52. Rf7 Rd6 53. Rf8 Nb4 54. Rc8+ Rc6 55. Rb8 Ra6 56. Rc8+ Rc6 57. Rf8 Nc2+ 58.
Kb2 Kb4 59. Rf4+ Kxa5 60. Re4 Nb4 61. Ka3 Nd3 62. Rd4 b4+ 63. Ka2 Nc5 64. Rd8 Kb5 65. Kb2 Rb6 66. Rc8 Rc6 67. Rh8 Na6 68. Rh5+ Rc5 69.
Rh7 Nc7 70. Rh8 Nd5 71. Rb8+ Nb6 72. Rb7 Kc6 73. Rf7 Rc3 74. Rf8 Kb5 75. Rf5+ Rc5 76.
Rf6 Nd5 77. Rf8 Ne3 78. Rb8+ Ka5 79. Ra8+ Kb6 80. Rb8+ Ka5 81. Ra8+ Kb5 82. Rb8+ Kc6 83. Rxb4 Rc2+ 84. Ka3 Kc5 85. Rb8 Nd5 86. Rc8+ Kb5 87. Rxc2 Nb4 88. Rh2 1-0

[Event "Late-Titled-Tuesday-Blitz-February-27-2024"]
[Site "Chess.com"]
[Date "2024.02.27"]
[Round "1"]
[White "LikeWater"]
[Black "egnfanclub"]
[Result "1-0"]
[WhiteElo "2690"]
[BlackElo "2393"]
[TimeControl "180+1"]
[EndTime "14:09:20 PST"]
[Termination "LikeWater won by resignation"]

1. d4 d5 2. c4 c6 3. Nf3 Nf6 4. Qc2 e6 5. Nbd2 Nbd7 6. g3 Be7 7. Bg2 O-O 8. O-O h6 9. b3 Re8 10. Bb2 b6 11. e4 Ba6 12. Rfe1 dxe4 13. Nxe4 Bb7 14.
Nxf6+ Bxf6 15. Ne5 Nxe5 16. dxe5 Be7 17. Rad1 Qc7 18. Rd3 Rad8 19. Red1 Rxd3 20. Rxd3 Rd8 21. f4 Bc5+ 22. Kf1 a5 23. Be4 Qe7 24. Qd2 Rxd3 25. Qxd3 g6 26. Ke2 Kh7 27. Kf3 h5 28. h3 Kh6 29.
Bc1 Kg7 30. Bb2 Kh6 31. Bc3 Kg7 32. Be1 Bb4 33. Bf2 Bc5 34. Bxc5 Qxc5 35. Qd7 Qg1 36. Qxb7 Qf1+ 37. Ke3 Qe1+ 38. Kd3 Qb1+ 39. Kd4 Qb2+ 40. Ke3 Qc1+ 41. Kf2 Qd2+ 42. Kf3 Qc3+ 43. Ke2 Qxg3 44. Qxb6 Qxf4 45. Qxc6 Qxe5 46. Kd3 Qg3+ 47. Bf3 Qxh3 48.
Qe4 Qf1+ 49. Qe2 Qb1+ 50. Qc2 Qf1+ 51. Be2 Qf5+ 52. Kd2 Qf4+ 53. Kd1 h4 54. c5 Qd4+ 55. Ke1 h3 56. Bf3 Qe3+ 57. Qe2 Qg1+ 58. Qf1 Qxc5 59.
Qxh3 Qc1+ 60. Bd1 Qf4 61. Qf3 Qe5+ 62. Qe2 Qc3+ 63. Qd2 Qg3+ 64. Qf2 Qc3+ 65. Qd2 Qg3+ 66. Kf1 Qh3+ 67. Kg1 Qg3+ 68. Kf1 Qh3+ 69. Qg2 Qd3+ 70. Qe2 Qf5+ 71. Kg1 Qg5+ 72. Kf2 Qf4+ 73. Ke1 Qg3+ 74. Kd2 Qd6+ 75. Kc1 Qa3+ 76. Kb1 Qc5 77. Qc4 Qf2 78.
Qc3+ f6 79. Qxa5 Qe1 80. Qxe1 1-0

[Event "Late-Titled-Tuesday-Blitz-February-27-2024"]
[Site "Chess.com"]
[Date "2024.02.27"]
[Round "1"]
[White "martinmena"]
[Black "ninguno46"]
[Result "0-1"]
[WhiteElo "2245"]
[BlackElo "2597"]
[TimeControl "180+1"]
[EndTime "14:09:27 PST"]
[Termination "ninguno46 won on time"]

1. c4 e5 2. g3 Nf6 3. Bg2 h6 4. Nc3 Bb4 5. e4 a6 6. Nge2 d6 7. O-O Nc6 8. a3 Bc5 9. b4 Ba7 10. h3 Nd4 11. Nxd4 Bxd4 12. Bb2 c6 13. Qc2 O-O 14. Ne2 Bxb2 15. Qxb2 b5 16. d4 Be6 17. cxb5 axb5 18. dxe5 dxe5 19. Qxe5 Bc4 20. Rfe1 Re8 21. Qd4 Qe7 22. Nc3 Rad8 23. Qb6 Qe5 24. Rac1 Rd2 25.
Qxc6 Qd4 26. Qc5 Qxc5 27. bxc5 Nd7 28. c6 Ne5 29. Red1 Rxd1+ 30. Nxd1 Nxc6 31. Ne3 Ne5 32. f4 Nd3 33. Rc3 Nb2 34. Rc2 Nd3 35. Nxc4 bxc4 36. Rxc4 Rb8 37. Bf1 Rb1 38. Rc3 Nc1 39. Rc2 Ra1 40.
Kf2 g6 41. Bc4 Kg7 42. e5 Rb1 43. Ke3 Nb3 44. Ra2 Nc5 45. a4 Rb4 46. Bb5 Re4+ 47. Kf3 Rb4 48. Bc6 Rb6 49. Be8 Ra6 50. a5 Nb3 51. Rb2 Nxa5 52. Ra2 Ra7 53. Bb5 Nc6 54. Rxa7 Nxa7 55. Bd7 Kf8 56. Ke4 Ke7 57. Ba4 Nc8 58. g4 Nb6 59. Bb3 f6 60. exf6+ Kxf6 61.
f5 g5 62. Kd4 Nd7 63. Ba4 Ne5 64. Bb5 Nf3+ 65. Ke3 Nh4 66. Kf2 Ke5 67. Bd7 Kf6 68.
Kg3 Ke5 69. Bc6 Kf6 70. Kf2 h5 71. Kg3 hxg4 72. hxg4 Ke5 73. Bb5 Kf6 74. Bc6 Kg7 75.
Kf2 Kf6 76. Ke3 Ke5 77. Kd3 Kf4 78. f6 Ng6 79. f7 Ne5+ 80. Kd4 Nxf7 81. Bd7 Nh6 82.
Be6 Nxg4 83. Kd3 Nf6 84. Bc8 Ne4 85. Ke2 Nc5 86. Kf2 Nd3+ 87. Kg2 Ne5 88. Kg1 Nf7 89.
Bh3 Nd6 90. Bd7 Nf5 91. Bc8 g4 92. Bb7 Kg5 93. Kg2 g3 0-1

[Event "Late-Titled-Tuesday-Blitz-February-27-2024"]
[Site "Chess.com"]
[Date "2024.02.27"]
[Round "1"]
[White "AlexTruskavetsky"]
[Black "szachmistrz2500"]
[Result "1/2-1/2"]
[WhiteElo "2714"]
[BlackElo "2420"]
[TimeControl "180+1"]
[EndTime "14:09:29 PST"]
[Termination "Game drawn - insufficient material"]

1. d4 Nf6 2. c4 e6 3. Nc3 d5 4. cxd5 exd5 5. Bg5 Nbd7 6. e3 Be7 7. Bd3 a6 8. Nge2 O-O 9. O-O Re8 10. Qc2 c5 11.
dxc5 h6 12. Bh4 Nxc5 13. Rad1 Be6 14. Nf4 Qb6 15. Bxf6 Bxf6 16. Ncxd5 Bxd5 17. Nxd5 Qc6 18. Nxf6+ gxf6 19. Bf5 Rad8 20. b4 Ne6 21. Qe2 Qc3 22. Qg4+ Kf8 23. Rc1 Qe5 24. Be4 b6 25. Bb7 a5 26.
Bc6 Re7 27. Rfd1 Rc7 28. b5 Rcc8 29. Qh4 Qb2 30. Qxh6+ Ke7 31. Qh5 Qxa2 32. Rxd8 Rxd8 33. Rd1 Rxd1+ 34. Qxd1 a4 35. Bd5 Qb2 36. h4 Qxb5 37.
h5 f5 38. h6 a3 39. h7 Qb2 40. Qb3 Nf8 41. Qxa3+ Qxa3 42. h8=Q Qc1+ 43. Kh2 Qc7+ 44. g3 Qd6 45. Bg2 Ng6 46. Qc8 Ne5 47. Qxf5 Qh6+ 48.
Kg1 Qd6 49. Bf1 f6 50. Qh7+ Kd8 51. Qc2 Nd7 52. Qb3 Ke7 53. Qg8 Ne5 54. Qg7+ Kd8 55.
Be2 Nd7 56. f4 Nc5 57. Kg2 Qe6 58. Bf3 Nd3 59. e4 Ne1+ 60. Kf2 Nxf3 61. Kxf3 b5 62. Qb7 Qb3+ 63. Kg4 b4 64. Kf5 Qc3 65. Qb6+ Kd7 66.
Qb5+ Kc7 67. Qa5+ Kc6 68. Qa6+ Kc5 69. e5 fxe5 70. fxe5 b3 71. e6 b2 72. Qc8+ Kd4 73.
Qd7+ Ke3 74. Qa7+ Qd4 75. Qb7 Qd3+ 76. Kf6 b1=Q 77. Qa7+ Qd4+ 78. Qxd4+ Kxd4 79. e7 Qf1+ 80. Kg7 Qe2 81. Kf7 Qf3+ 82. Ke6 Qe4+ 83. Kd6 Ke3 84. Kd7 Qd5+ 85. Kc7 Qe6 86. Kd8 Qd6+ 87. Ke8 Ke4 88. Kf7 Qd5+ 89. Kf6 Qe5+ 90. Kf7 Kf5 91. e8=Q Qxe8+ 92. Kxe8 Kg4 93. Kf7 Kxg3 1/2-1/2